 Dungeon Crawl Stone Soup version 0.19-a0-1193-g2641e52 (webtiles) character file.

165277 Gagarin the Geomancer (level 17, -6/104 HPs)
             Began as a Gargoyle Earth Elementalist on Aug 19, 2016.
             Was the Champion of Vehumet.
             Killed from afar by a bog body (14 damage)
             ... with a bolt of cold
             ... on level 4 of the Swamp.
             The game lasted 04:00:01 (39570 turns).

Gagarin the Geomancer (GrEE)                       Turns: 39570, Time: 04:00:03

Health: -6/104     AC: 21    Str: 12    XL:     17   Next: 87%
Magic:  14/34      EV: 16    Int: 29    God:    Vehumet [******]
Gold:   2833       SH: 13    Dex: 10    Spells: 10 memorised, 2 levels left

rFire  . . .     SeeInvis .     U - +0 lightning rod (5/9)
rCold  . . .     Gourm    .     S - +2 robe {MR+}
rNeg   + . .     Faith    .     Z - +0 buckler
rPois  ∞         Spirit   .     (no helmet)
rElec  +         Dismiss  .     L - +0 cloak
rCorr  .         Reflect  +     c - +0 pair of gloves
MR     ++...     Harm     .     q - +1 pair of boots
Stlth  ++........               t - brooch of Shielding {Reflect SH+8}
                                E - ring of wizardry
                                s - +6 ring of intelligence

@: flying, very slightly contaminated
A: big wings, negative energy resistance 1, electricity resistance, wild magic
1, unbreathing, petrification resistance, rot immunity, AC +12
a: Stop Flying, Renounce Religion


You were on level 4 of the Swamp.
You worshipped Vehumet.
Vehumet was exalted by your worship.
You were very hungry.

You visited 6 branches of the dungeon, and saw 29 of its levels.
You also visited: Volcano.

You collected 3640 gold pieces.
You spent 807 gold pieces at shops.

Inventory:

Hand Weapons
 O - the +3 Elemental Staff {rElec rF++ rC++ MR++ AC+5}
   (You found it on level 5 of the Lair of Beasts)

   It affects your AC (+5).
   It greatly protects you from fire.
   It greatly protects you from cold.
   It insulates you from electricity.
   It affects your resistance to hostile enchantments.
Missiles
 b - 379 stones (quivered)
Armour
 c - a +0 pair of gloves (worn)
 q - a +1 pair of boots (worn)
 L - a +0 cloak (worn)
 S - a +2 robe of magic resistance (worn)
 Z - a +0 buckler (worn)
Rods
 h - a +2 rod of clouds (3/9)
   (You found it on level 4 of the Lair of Beasts)
 U - a +0 lightning rod (5/9) (in hand)
   (You found it on level 9 of the Dungeon)
Jewellery
 s - a +6 ring of intelligence (left hand)
 t - the brooch of Shielding (around neck) {Reflect SH+8}
   (You found it on level 5 of the Lair of Beasts)

   [amulet of reflection]

   It shields you and reflects attacks.
   It affects your SH (+8).
 x - an uncursed ring of see invisible
 A - a cursed ring of teleportation {unknown}
 E - a ring of wizardry (right hand)
Wands
 d - a wand of polymorph (14/24)
 e - a wand of digging (8/24)
 C - a wand of slowing (22/48)
 M - a wand of teleportation (6/9)
 P - a wand of paralysis (6/24)
 Q - a wand of heal wounds (0/9)
Scrolls
 j - 2 scrolls of summoning
 m - 2 scrolls of magic mapping
 n - 3 scrolls of teleportation
 o - 4 scrolls of fear
 r - 2 scrolls of fog
 u - 3 scrolls of recharging
 v - 15 scrolls of remove curse
 w - a scroll of silence
 y - 9 scrolls of identify
 I - a scroll of holy word
Potions
 a - 2 potions of ambrosia
 f - 12 potions of curing
 g - 2 potions of lignification
 i - 3 potions of invisibility
 l - 5 potions of cancellation
 p - 3 potions of agility
 z - 4 potions of haste
 B - 3 potions of berserk rage
 F - 4 potions of might
 H - a potion of resistance
 K - 2 potions of brilliance
Miscellaneous
 R - a lamp of fire
 W - a fan of gales
Comestibles
 k - 14 fruits
 D - a bread ration
 X - 5 meat rations


   Skills:
 - Level 11.2 Fighting
   Level 7.1(8.1) Maces & Flails
 - Level 5.7(7.3) Staves
 - Level 4.5 Armour
 + Level 9.1 Dodging
 - Level 2.3 Stealth
 - Level 5.1 Shields
 + Level 13.9 Spellcasting
 + Level 13.2 Conjurations
 - Level 4.0 Hexes
 - Level 0.7 Transmutations
 + Level 8.6 Fire Magic
 + Level 14.3 Earth Magic
 + Level 8.4 Evocations


You had 2 spell levels left.
You knew the following spells:

 Your Spells              Type           Power        Failure   Level  Hunger
a - Sandblast             Erth           ######       1%          1    None
b - Stone Arrow           Conj/Erth      ######       1%          3    None
c - Lee's Rapid Deconstr  Erth           #######...   1%          5    None
d - Iron Shot             Conj/Erth      #######...   1%          6    ####...
e - Conjure Flame         Conj/Fire      #######.     1%          3    None
f - Inner Flame           Hex/Fire       ######..     1%          3    None
g - Delayed Fireball      Conj/Fire      N/A          4%          7    #####..
h - Orb of Destruction    Conj           #######...   2%          7    #####..
i - Passwall              Tmut/Erth      ######....   1%          2    None
j - Leda's Liquefaction   Hex/Erth       #######...   1%          4    None


Dungeon Overview and Level Annotations

Branches:
Dungeon (15/15)            Temple (1/1) D:4            Lair (6/6) D:11
  Swamp (4/4) Lair:4       Spider (1/4) Lair:4        Slime (0/5) Lair:5
    Orc (2/2) D:12            Elf (0/3) Orc:2        Vaults (0/5) D:14
 Depths (0/5) D:15

Altars:
Ashenzari
Cheibriados
Dithmenos
Elyvilon
Fedhas
Gozag
Hepliaklqana
Kikubaaqudgha
Makhleb
Nemelex Xobeh
Okawaru
Qazlal
Ru
Sif Muna
Trog
Uskayaw
Vehumet
Xom
Yredelemnul
Zin
The Shining One
Jiyva

Shops:
D:7 ((*   D:13 (   Orc:2 =([*=

Annotations:
D:7 exclusion: ice statue
D:14 exclusion: 4 oklob plants
Lair:3 exclusion: oklob plant


Innate Abilities, Weirdness & Mutations

You are resistant to torment.
Your stone body is resilient. (AC +12)
You are immune to poison.
Your large and strong wings let you fly indefinitely.
You resist negative energy. (rN+)
You are resistant to electric shocks. (rElec)
You can survive without breathing.
You are immune to petrification.
You are immune to rotting.
Your spells are a little harder to cast, but a little more powerful.


Message History

Press: ? - help, Dir - move target cursor You are very lightly contaminated with residual magic.
As you read the scroll of blinking, it crumbles to dust.
A swamp drake and 3 bog bodies come into view.
The swamp dragon is engulfed in freezing vapours.
Vehumet accepts your kill.
You feel your power returning.
You feel a bit more experienced. Vehumet accepts your kill.
You feel your power returning.
You hear a splash.
You feel a bit more experienced.
The swamp drake moves out of view.
Vehumet accepts your kill.
You feel your power returning.
You feel a bit more experienced. Vehumet accepts your kill.
You feel your power returning.
You hear a splash. x2
You feel a bit more experienced. The bog body casts a spell at you.
The bolt of cold hits you!
You die...

.. ♣. ≈ ♣. ≈≈≈ ♣♣§ ##
..§.♣♣..♣ ♣♣♣ ≈#..≈.
.≈§.≈≈≈≈♣♣♣♣.♣♣♣≈#.8.(.
≈≈≈≈.≈≈≈.♣♣≈≈≈♣♣.'≈P≈≈≈
≈≈≈t≈§i§D<♣≈≈♣♣♣.#%...# .
.≈≈§§§i§Dn≈..≈@♣..§...#.D
≈♣§§§§≈.§♣..%.§.#....≈.≈
♣♣§§§....†...§.'....P(.
♣♣♣♣.%.≈..%..§#.(.8≈8.
♣.≈...≈..D§#.nn..≈(
♣♣.≈..≈.≈♣%n%§#.
♣.♣≈..≈♣♣##....D.(
♣.%≈♣♣..≈. n..§#D.
♣♣.≈♣♣...≈# P.P.§.(


You could see 3 swamp dragons and 5 bog bodies.

Vanquished Creatures
  Rupert (D:14)
  A thorn hunter (Swamp:2)
  The ghost of Aquadorian the Severer, a journeyman MiFi of Okawaru (Lair:4)
  An entropy weaver (Lair:4)
  Nessos (D:12)
  A dire elephant (Lair:6)
  A spark wasp (shapeshifter) (D:14)
  An ettin (shapeshifter) (D:13)
  Josephine (D:10)
  2 ogre magi (D:15)
  15 hydras
  A vault guard (D:14)
  A ghost crab (Swamp:2)
  A catoblepas (D:14)
  A merfolk avatar (Lair:6)
  4 centaur warriors
  4 alligators
  9 death yaks
  3 tengu warriors
  2 deep troll earth magi
  Urug (D:10)
  4 orc high priests (Orc:2)
  9 spriggans
  Sonja (D:10)
  A fire crab (Lair:6)
  A wizard (D:15)
  2 unseen horrors
  A sea snake (Lair:6)
  A giant orange brain (shapeshifter) (D:14)
  2 shambling mangroves (Swamp:1)
  Pikel (D:4)
  8 hill giants
  A harpy (Lair:6)
  6 swamp dragons (Swamp:3)
  2 lindwurms
  A wolf spider zombie (D:15)
  3 orc knights
  2 orb spiders (Spider:1)
  5 deep elf magi
  20 ugly things
  2 wolf spiders (Spider:1)
  6 griffons
  2 cyclopes
  4 manticores
  A moth of wrath (Spider:1)
  3 hornets
  8 orc sorcerers
  13 elephants
  A naga mage (D:15)
  12 black mambas
  13 spiny frogs
  A molten gargoyle (Volcano)
  5 gargoyles
  4 rime drakes
  A torpor snail (Lair:3)
  An ice statue (Lair:5)
  A kobold demonologist (D:12)
  2 demonic crawlers (Spider:1)
  2 ice devils (Lair:3)
  12 komodo dragons
  2 freezing wraiths
  A tengu conjurer (D:15)
  2 jumping spiders (Lair:4)
  A harpy zombie (D:15)
  5 polar bears
  4 trolls
  A harpy skeleton (D:14)
  3 meliai
  6 two-headed ogres
  Grinder (D:4)
  A queen bee (D:14)
  4 giant leeches
  Prince Ribbit (D:5)
  A wind drake (Lair:6)
  14 blink frogs
  6 bog bodies
  20 slime creatures
  17 redbacks
  Sigmund (D:5)
  2 centaur simulacra (D:12)
  4 shadows
  55 yaks
  2 water elementals (D:12)
  6 tarantellas
  10 wraiths
  5 wyverns
  2 basilisks
  14 hippogriffs
  A steam dragon (Lair:6)
  2 hungry ghosts
  6 wargs
  Menkaure (D:4)
  21 vampire mosquitoes
  Edmund (D:6)
  19 swamp worms
  6 porcupines
  14 water moccasins
  45 orc warriors
  6 swamp drakes
  Duvessa (D:6)
  9 ice beasts
  2 slaves
  3 eyes of draining
  5 sky beasts
  2 black bears
  17 ogres
  A phantom (D:5)
  11 wasps
  7 wolves
  15 centaurs
  21 crocodiles
  6 big kobolds
  13 giant frogs
  A gnoll sergeant (D:10)
  A wyvern zombie (D:13)
  8 scorpions
  A wyvern skeleton (D:14)
  Dowan (D:6)
  46 killer bees
  8 wights
  2 electric eels (Lair:1)
  7 howler monkeys
  9 crimson imps
  2 giant frog zombies
  3 quasits
  6 centaur zombies
  7 jellies
  16 orc priests
  50 orc wizards
  3 centaur skeletons
  A gnoll shaman (D:4)
  5 hounds
  10 iguanas
  10 worker ants
  11 sheep
  A giant frog simulacrum (D:12)
  2 hound skeletons
  13 adders
  15 gnolls
  51 river rats
  8 shadow imps
  4 white imps
  An ufetubus (D:11)
  3 oozes
  9 worms
  2 dart slugs (D:1)
  8 giant geckos
  128 orcs
  3 giant cockroaches
  8 goblins
  10 hobgoblins
  16 jackals
  25 kobolds
  7 quokkas
  10 bats
  2 giant gecko zombies (D:5)
  5 giant newts
  A jackal skeleton (D:6)
  A quokka zombie (D:5)
  12 rats
  4 fire vortices (Volcano)
  2 fungi (D:11)
  3 plants
1206 creatures vanquished.

Vanquished Creatures (collateral kills)
  An orc warlord (Orc:1)
  An orc knight (Orc:2)
2 creatures vanquished.

Vanquished Creatures (others)
  3 centaur warriors
  A hornet (Swamp:3)
  2 centaurs
  A killer bee (D:14)
  4 orcs
  2 jackals (D:4)
  18 fungi
  23 plants
54 creatures vanquished.

Grand Total: 1262 creatures vanquished

Notes
Turn   | Place    | Note
-------+----------+-------------------------------------------
     0 | D:1      | Gagarin the Gargoyle Earth Elementalist began the quest for the Orb.
     0 | D:1      | Reached XP level 1. HP: 10/10 MP: 3/3
   114 | D:1      | Reached skill level 4 in Earth Magic
   152 | D:1      | Reached XP level 2. HP: 15/15 MP: 3/5
   674 | D:1      | Reached XP level 3. HP: 17/19 MP: 0/6
  1668 | D:2      | Reached XP level 4. HP: 24/24 MP: 6/8
  1814 | D:2      | Learned a level 3 spell: Stone Arrow
  2057 | D:2      | Reached skill level 1 in Conjurations
  2222 | D:2      | Reached XP level 5. HP: 28/28 MP: 7/10
  2613 | D:2      | Found a deep blue altar of Sif Muna.
  2768 | D:3      | Reached skill level 5 in Earth Magic
  2881 | D:3      | Found a snail-covered altar of Cheibriados.
  2886 | D:3      | Found a burning altar of Makhleb.
  3137 | D:3      | Learned a level 5 spell: Lee's Rapid Deconstruction
  3156 | D:4      | Noticed Pikel
  3156 | D:4      | Noticed a slave
  3156 | D:4      | Noticed a slave
  3156 | D:4      | Noticed a slave
  3156 | D:4      | Noticed a centaur
  3158 | D:4      | Noticed a slave
  3164 | D:3      | Killed a centaur
  3164 | D:3      | Reached XP level 6. HP: 29/32 MP: 6/12
  3170 | D:3      | Killed a slave
  3554 | D:4      | Noticed Grinder
  3655 | D:4      | Noticed Menkaure
  3966 | D:4      | Killed a slave
  4078 | D:4      | Killed Pikel
  4078 | D:4      | Reached skill level 5 in Spellcasting
  4078 | D:4      | Reached skill level 6 in Earth Magic
  4078 | D:4      | Reached XP level 7. HP: 15/36 MP: 2/15
  4426 | D:4      | Killed Grinder
  4426 | D:4      | Reached XP level 8. HP: 41/41 MP: 9/17
  4500 | D:4      | Reached skill level 7 in Earth Magic
  4593 | D:4      | Found a staircase to the Ecumenical Temple.
  4602 | Temple   | Entered the Ecumenical Temple
  4673 | Temple   | Became a worshipper of Vehumet
  5006 | D:4      | Killed Menkaure
  5118 | D:5      | Entered Level 5 of the Dungeon
  5339 | D:5      | Reached skill level 5 in Conjurations
  5433 | D:5      | Found a shadowy altar of Dithmenos.
  5492 | D:5      | Found a hide-covered altar of Uskayaw.
  5705 | D:5      | Reached XP level 9. HP: 45/45 MP: 11/20
  5816 | D:5      | Noticed Prince Ribbit
  5826 | D:5      | Reached skill level 8 in Earth Magic
  5941 | D:5      | Noticed Sigmund
  5947 | D:5      | Killed Sigmund
  6324 | D:5      | Killed Prince Ribbit
  6571 | D:6      | Noticed Duvessa
  6571 | D:6      | Noticed Dowan
  6581 | D:6      | Killed Dowan
  6595 | D:6      | Reached * piety under Vehumet
  6595 | D:6      | Offered knowledge of Flame Tongue by Vehumet.
  6604 | D:6      | Killed Duvessa
  7076 | D:6      | Noticed Edmund
  7159 | D:6      | Killed Edmund
  7610 | D:7      | Reached skill level 1 in Evocations
  7620 | D:7      | Reached skill level 1 in Fighting
  7626 | D:7      | Found Irisekof's Assorted Antiques.
  7637 | D:7      | Bought a scroll of identify for 48 gold pieces
  7637 | D:7      | Bought a scroll labeled IWAIW ZOSMI for 24 gold pieces
  7644 | D:7      | Reached skill level 1 in Maces & Flails
  7691 | D:7      | Reached skill level 1 in Armour
  7691 | D:7      | Reached skill level 1 in Shields
  7731 | D:7      | Found Dein's Weapon Emporium.
  7737 | D:7      | Found Wohudilyna's Antique Weapon Emporium.
  7756 | D:7      | Offered knowledge of Magic Dart by Vehumet.
  7761 | D:7      | Learned a level 1 spell: Magic Dart
  7769 | D:7      | Reached ** piety under Vehumet
  8019 | D:7      | Reached XP level 10. HP: 53/53 MP: 16/22
  8317 | D:7      | Noticed an ice statue
  8995 | D:8      | Reached skill level 9 in Earth Magic
 10018 | D:8      | Offered knowledge of Conjure Flame by Vehumet.
 10023 | D:8      | Learned a level 3 spell: Conjure Flame
 10617 | D:9      | Reached *** piety under Vehumet
 10925 | D:9      | Reached XP level 11. HP: 40/61 MP: 6/24
 11430 | D:10     | Entered Level 10 of the Dungeon
 11622 | D:10     | Offered knowledge of Inner Flame by Vehumet.
 11736 | D:10     | Learned a level 3 spell: Inner Flame
 11969 | D:10     | Noticed Josephine
 11983 | D:10     | Killed Josephine
 12357 | D:10     | Noticed Sonja
 12359 | D:10     | Killed Sonja
 12423 | D:10     | Reached skill level 5 in Fighting
 12589 | D:10     | Killed an unseen horror
 12704 | D:10     | Noticed Urug
 12711 | D:10     | Killed Urug
 12711 | D:10     | Reached skill level 10 in Spellcasting
 12711 | D:10     | Reached skill level 1 in Fire Magic
 13177 | D:11     | Noticed a hill giant
 13299 | D:11     | Noticed a hill giant
 13308 | D:11     | Killed a hill giant
 13308 | D:11     | Reached **** piety under Vehumet
 13308 | D:11     | Reached skill level 10 in Earth Magic
 13308 | D:11     | Reached XP level 12. HP: 68/68 MP: 5/26
 13428 | D:11     | Offered knowledge of Lightning Bolt by Vehumet.
 13719 | D:11     | Found a staircase to the Lair.
 14211 | Lair:1   | Entered Level 1 of the Lair of Beasts
 14323 | Lair:1   | Reached skill level 5 in Shields
 15675 | Lair:2   | Reached ***** piety under Vehumet
 15804 | Lair:2   | Reached skill level 5 in Evocations
 15886 | Lair:2   | Reached skill level 5 in Maces & Flails
 16062 | Lair:2   | Reached skill level 5 in Dodging
 16088 | Lair:2   | Reached skill level 1 in Hexes
 16234 | Lair:2   | Offered knowledge of Sticky Flame by Vehumet.
 16360 | Lair:2   | Reached XP level 13. HP: 74/74 MP: 10/27
 17557 | Lair:3   | Reached skill level 11 in Earth Magic
 17675 | Lair:3   | Found a basalt altar of Yredelemnul.
 17866 | Lair:3   | Offered knowledge of Irradiate by Vehumet.
 19266 | Lair:4   | Found a dark tunnel.
 19320 | Volcano  | Entered a volcano
 19932 | Lair:4   | Identified a +2 rod of clouds (9/9) (You found it on level 4 of the Lair of Beasts)
 20014 | Lair:4   | Gained mutation: Your large and strong wings let you fly indefinitely. [Gargoyle growth]
 20014 | Lair:4   | Reached XP level 14. HP: 21/83 MP: 19/29
 20263 | Lair:4   | Found a hole to the Spider Nest.
 20350 | Lair:4   | Noticed Aquadorian's ghost (journeyman MiFi)
 20373 | Lair:4   | Killed Aquadorian's ghost
 20558 | Lair:3   | Reached skill level 10 in Conjurations
 20945 | Lair:4   | Found a staircase to the Swamp.
 21445 | Lair:5   | Offered knowledge of Fireball by Vehumet.
 21452 | Lair:5   | Learned a level 5 spell: Fireball
 21886 | Lair:6   | Entered Level 6 of the Lair of Beasts
 22276 | Lair:5   | Found a viscous altar of Jiyva.
 22276 | Lair:5   | Found a staircase to the Slime Pits.
 22416 | Lair:5   | Got a faintly humming ring mail
 23204 | Lair:6   | Reached skill level 1 in Staves
 23210 | Lair:6   | Offered knowledge of Orb of Destruction by Vehumet.
 23225 | Lair:6   | Reached skill level 12 in Earth Magic
 23245 | Lair:6   | Noticed a dire elephant
 23246 | Lair:6   | Learned a level 7 spell: Orb of Destruction
 23246 | Lair:6   | Identified the +1 ring mail of Sin {rC+ rN+ Regen+} (You found it on level 5 of the Lair of Beasts)
 23953 | Lair:6   | Gained mutation: Your spells are a little harder to cast, but a little more powerful. [potion of beneficial mutation]
 24123 | Lair:6   | Reached XP level 15. HP: 67/89 MP: 14/31
 24328 | Lair:6   | Got a faintly glowing flail
 24341 | Lair:6   | Identified the +6 flail of Capital Punishment {holy, *Drain rC+ rN+ Str-2 Int+6} (You found it on level 6 of the Lair of Beasts)
 24416 | Lair:6   | Got a twisted mace
 24694 | Lair:1   | Identified the +4 mace "Horaguwn" {flame, MR+} (You found it on level 6 of the Lair of Beasts)
 24707 | Lair:1   | Learned a level 2 spell: Passwall
 24748 | D:12     | Noticed Rupert
 24748 | D:12     | Paralysed by Rupert for 5 turns
 25219 | D:12     | Offered knowledge of Delayed Fireball by Vehumet.
 25241 | D:11     | Learned a level 7 spell: Delayed Fireball
 25692 | D:12     | Noticed Nessos
 25696 | D:12     | Killed Nessos
 26075 | D:12     | Found a staircase to the Orcish Mines.
 26110 | D:12     | Reached skill level 5 in Fire Magic
 26579 | D:13     | Found Xonweschuwn's Weapon Shoppe.
 27582 | Lair:1   | Learned a level 4 spell: Leda's Liquefaction
 27647 | Orc:1    | Entered Level 1 of the Orcish Mines
 27654 | Orc:1    | Offered knowledge of Bolt of Cold by Vehumet.
 28393 | Orc:2    | Entered Level 2 of the Orcish Mines
 28749 | Orc:2    | Found a bloodstained altar of Trog.
 29123 | Orc:2    | Found Luufy's Jewellery Shop.
 29131 | Orc:2    | Bought an uncursed ring of see invisible for 255 gold pieces
 29139 | Orc:2    | Found a staircase to the Elven Halls.
 29181 | Orc:2    | Noticed an orc warlord
 29778 | Orc:1    | Killed an orc warlord
 30024 | Orc:2    | Reached XP level 16. HP: 71/97 MP: 5/33
 30139 | Orc:2    | Offered knowledge of Iron Shot by Vehumet.
 30149 | Orc:2    | Learned a level 6 spell: Iron Shot
 30257 | Orc:2    | Reached skill level 13 in Earth Magic
 30268 | Orc:2    | Reached ****** piety under Vehumet
 30288 | Orc:2    | Reached skill level 10 in Fighting
 30437 | Orc:2    | Found Todillow's General Store.
 30438 | Orc:2    | Found Kaosu's Jewellery Boutique.
 30439 | Orc:2    | Found Kemitic's Antique Armour Boutique.
 30439 | Orc:2    | Found Tunujima's Antique Weapon Shop.
 30454 | Orc:2    | Bought an uncursed ring of wizardry for 480 gold pieces
 31445 | D:14     | Reached skill level 5 in Staves
 31654 | D:14     | Killed Rupert
 31697 | D:14     | Offered knowledge of Lehudib's Crystal Spear by Vehumet.
 31697 | D:14     | Offered knowledge of Fire Storm by Vehumet.
 31697 | D:14     | Offered knowledge of Shatter by Vehumet.
 33215 | D:14     | Found a gate to the Vaults.
 33404 | D:15     | Entered Level 15 of the Dungeon
 34337 | D:15     | Reached XP level 17. HP: 104/104 MP: 31/34
 34698 | D:15     | Found a staircase to the Depths.
 34937 | Spider:1 | Entered Level 1 of the Spider Nest
 35666 | Lair:4   | HP: 4/104 [tarantella (13)]
 35667 | Lair:4   | HP: 1/104 [tarantella (15)]
 35978 | Swamp:1  | Entered Level 1 of the Swamp
 36861 | Swamp:1  | Reached skill level 14 in Earth Magic
 39484 | Swamp:4  | Entered Level 4 of the Swamp
 39570 | Swamp:4  | Killed from afar by a bog body

Vault maps used:
D:1:      tarquinn_simple_flora_water_b
D:2:      led_sif_pool
D:3:      grunt_temple_overflow_open, first_bread
D:4:      serial_co_window_serial, co_window_of_opportunity_a,
          co_window_paths_a, co_window_paths_a, co_window_paths_a,
          co_window_paths_a, co_window_broadway_c, co_window_2corner,
          co_window_of_opportunity_b, co_window_unsneaky_path_a,
          co_window_of_opportunity_b, co_window_of_opportunity_b,
          co_window_paths_e, uniq_menkaure, uniq_grinder, uniq_pikel
D:5:      basic_altar, grunt_dithmenos_smoke_and_mirrors, uniq_sigmund,
          uniq_prince_ribbit1
D:6:      lemuel_flame_loot_1, uniq_edmund, uniq_duvessa
D:7:      lemuel_ice_statue, serial_shops, shop_statue, shop,
          nicolae_shop_behind_doors, st_stairs_7
D:9:      grunt_ogre_cave
D:10:     uniq_josephine, uniq_sonja, uniq_urug
D:11:     grunt_lair_entry_orc_guard_hut
D:12:     hiddenorc1_lemuel, serial_ice, serial_ice_f, serial_ice_k,
          serial_ice_a, serial_ice_n, grunt_ministairs_15,
          onia_ninara_dug_in_and_dangerous, uniq_nessos, uniq_rupert
D:13:     wad_crossroads, serial_shops, nicolae_shop_trees
D:14:     hangedman_what_comes_after_a, david_vaults_5, minmay_misc_feat_square,
          grunt_decor_resistance, hangedman_abyss_or_decor_lesser_grid
D:15:     grunt_enter_depths_magical_seal, minmay_misc_feat_ornament,
          minmay_misc_feat_nine_boxes
Temple:   dpeg_five_rooms_temple
Lair:1:   grunt_megastairs_4, lemuel_fruit_tree, serial_bayou_shore_a
Lair:3:   portal_ice_cave_demonic_guard, lemuel_oklob_altar, grunt_megastairs_3
Lair:4:   minmay_swamp_entry_worms, spider_nest_entry_web_field,
          nicolae_volcano_entry_vermiform, st_stairs_11
Lair:5:   slime_altar_1, ice2_lemuel
Lair:6:   gammafunk_lair_ancient_temple, lab_entry_generic
Swamp:1:  serial_swamp_ruin, hangedman_swamp_ruin_wall,
          evilmike_swamp_ruin_house_4
Swamp:2:  evilmike_swamp_ruin_house_6, infiniplex_staircase_pool
Swamp:3:  hangedman_swamp_blocks, swamp_pool2, st_swamp_ruins_3
Swamp:4:  grunt_swamp_rune_castle
Spider:1: zaba_anthell
Orc:1:    nooodl_orcs_dogs
Orc:2:    st_orc_congregation, basic_altar, serial_shops, shop_fountains
Volcano:  volcano_aerie

Skill      XL: |  1  2  3  4  5  6  7  8  9 10 11 12 13 14 15 16 17 |
---------------+----------------------------------------------------+-----
Earth Magic    | 4 5 6 7 8 9 10 11 12 13 14 | 14.3
Spellcasting   | 3 4 5 6 7 8 9 10 11 12 13 | 13.9
Conjurations   | 1 2 3 4 5 6 7 8 9 10 11 12 13 | 13.2
Evocations     | 1 2 4 5 6 7 8 |  8.4
Fighting       | 1 4 5 6 7 8 9 10 11 | 11.2
Dodging        | 2 3 4 5 6 7 8 9 |  9.1
Maces & Flails | 1 2 4 5 6 7 |  7.1
Armour         | 1 3 4 |  4.5
Shields        | 1 2 4 5 |  5.1
Fire Magic     | 1 3 4 6 7 8 |  8.6
Hexes          | 1 3 4 |  4.0
Staves         | 1 4 5 |  5.7
Stealth        | |  2.3
Transmutations | |  0.7

Action                   |  1- 3 |  4- 6 |  7- 9 | 10-12 | 13-15 | 16-18 || total
-------------------------+-------+-------+-------+-------+-------+-------++-------
Melee: Club              |     7 |     9 |       |       |       |       ||    16
       Whip              |       |       |     3 |     2 |       |       ||     5
       Flail             |       |       |       |   188 |   227 |       ||   415
       Morningstar       |       |       |       |       |    74 |       ||    74
       Staff             |       |       |       |       |   276 |   674 ||   950
 Cast: Sandblast         |    57 |   119 |   101 |    64 |    46 |     1 ||   388
       Stone Arrow       |       |       |    50 |   245 |   472 |   279 ||  1046
       Lee's Rapid Decon |       |       |    10 |    61 |   166 |    77 ||   314
       Magic Dart        |       |       |     2 |    36 |    28 |       ||    66
       Conjure Flame     |       |       |       |     9 |     6 |       ||    15
       Inner Flame       |       |       |       |     2 |    18 |       ||    20
       Fireball          |       |       |       |       |    27 |       ||    27
       Orb of Destructio |       |       |       |       |     3 |    27 ||    30
       Leda's Liquefacti |       |       |       |       |     2 |       ||     2
       Iron Shot         |       |       |       |       |       |    48 ||    48
       Delayed Fireball  |       |       |       |       |       |     5 ||     5
 Abil: Release Delayed F |       |       |       |       |       |     5 ||     5
Evoke: Wand              |       |       |       |       |    19 |     6 ||    25
       Rod               |       |       |       |       |    25 |     8 ||    33
       Disc of storms    |       |       |       |       |     2 |       ||     2
       Fan of gales      |       |       |       |       |     2 |       ||     2
       Box of beasts     |       |       |       |       |     1 |     1 ||     2
  Use: Scroll            |       |       |    10 |    21 |    20 |     9 ||    60
       Potion            |       |       |       |       |     8 |     3 ||    11
 Stab: Distracted        |     1 |       |       |       |       |     1 ||     2
  Eat: Chunk             |     3 |     7 |    10 |    34 |    52 |    25 ||   131
       Bread ration      |       |       |     1 |       |     1 |       ||     2
       Pizza             |       |       |       |     1 |       |     1 ||     2
       Fruit             |       |       |       |       |     1 |     5 ||     6
       Meat ration       |       |       |       |       |       |     3 ||     3
       Royal jelly       |       |       |       |       |       |     1 ||     1
       Beef jerky        |       |       |       |       |       |     1 ||     1
Armor: Robe              |    26 |    24 |    30 |    94 |    60 |   401 ||   635
       Leather armour    |       |       |       |    20 |   400 |    10 ||   430
Dodge: Dodged            |    27 |    30 |    52 |   210 |   655 |   584 ||  1558
Block: Other             |       |       |       |       |   221 |   162 ||   383
       Reflection        |       |       |       |       |    13 |    17 ||    30
       Buckler           |       |       |       |       |       |   399 ||   399
